 Dungeon Crawl Stone Soup version 0.25.0-1-g7eea58d (webtiles) character file.

Game seed: 8363491209405344444

208 Illumine the Chopper (level 5, 0/70 HPs)
             Began as a Minotaur Fighter on June 20, 2020.
             Succumbed to a water moccasin's poison
             ... on level 3 of the Dungeon.
             The game lasted 00:01:14 (522 turns).

Illumine the Chopper (Minotaur Fighter)              Turns: 522, Time: 00:01:15

Health: 0/70       AC: 22    Str: 21    XL:     5   Next: 55%
Magic:  4/4        EV:  2    Int:  5    God:
Gold:   32         SH:  9    Dex: 10    Spells: 4/4 levels left

rFire    . . .     SeeInvis .   a - +0 war axe
rCold    . . .     Gourm    .   c - +0 kite shield
rNeg     + + +     Faith    .   (armour currently unavailable)
rPois    +         Spirit   .   (helmet currently unavailable)
rElec    .         Reflect  .   (cloak currently unavailable)
rCorr    .         Harm     .   (gloves currently unavailable)
MR       .....     NoTele   +   (boots currently unavailable)
Stlth    +.........             (no amulet)
HPRegen  0.21/turn              (no ring)
MPRegen  0.09/turn              (no ring)

@: mighty, lethally poisoned (0 -> -1), tree-form (expiring), berserk cooldown,
slowed, very slow
A: (retaliatory headbutt)
a: no special abilities


You were on level 3 of the Dungeon.
You were not hungry.
You were a tree.
You visited 1 branch of the dungeon, and saw 3 of its levels.

You collected 32 gold pieces.

Inventory:

Hand Weapons
 a - a +0 war axe (weapon)
Armour
 b - a +0 scale mail (melded)
 c - a +0 kite shield (worn)
Scrolls
 h - a scroll of enchant weapon {unknown}
 i - 2 scrolls of fog {unknown}
 k - a scroll of random uselessness {unknown}
 l - a scroll of magic mapping {unknown}
 m - a scroll of enchant armour {unknown}
Comestibles
 f - 3 rations
 g - 6 chunks of flesh


   Skills:
 + Level 4.7 Fighting
 * Level 4.8 Axes
 + Level 4.7 Armour
 + Level 4.7 Shields


You had 4 spell levels left.
You didn't know any spells.
Your spell library was empty.

Dungeon Overview and Level Annotations

Branches:
Dungeon (1/15)

Altars:

Annotations:
D:2 Sigmund


Innate Abilities, Weirdness & Mutations

((You reflexively headbutt those who attack you in melee.))
((You have a pair of horns on your head.))


Message History

You feel your anger nearly subside.
You start resting.
You are no longer berserk.
You are exhausted.
You feel yourself slow down.
There is a lethal amount of poison in your body!
* * * LOW HITPOINT WARNING * * *
You feel sick.
You cannot move.
* * * LOW HITPOINT WARNING * * *
You feel sick.
You aren't carrying any potions.
Unknown command.
There is a lethal amount of poison in your body!
There is a lethal amount of poison in your body!
There is a lethal amount of poison in your body!
* * * LOW HITPOINT WARNING * * *
You feel sick.
Your transformation is almost over.
You die...

#..<.#...#...#......
##....####..########.
##..^.......## .
#...######..### ..
##..#######..). ...
..............#### ....
.#(.#######.#....##..#.#
...)........###))......#
...######.#...).♣)#
...##.......#...#....%.#
..###..........%#..###..
..#.....#######..#.#
....###.# #..... ..# ..#
#...... . #.## #.......
#. ......... .. ##..


There were no monsters in sight!

Vanquished Creatures
  A water moccasin (D:3)
  An orc priest (D:3)
  An orc wizard (D:3)
  2 dart slugs
  An orc (D:3)
  A ball python (D:1)
  A giant cockroach (D:1)
  2 goblins
  6 hobgoblins
  7 jackals (D:1)
  8 bats
  5 kobolds
  6 rats (D:1)
42 creatures vanquished.

Notes
Turn   | Place    | Note
-------+----------+-------------------------------------------
     0 | D:1      | Illumine the Minotaur Fighter began the quest for the Orb.
     0 | D:1      | Reached XP level 1. HP: 19/19 MP: 0/0
   100 | D:1      | Reached XP level 2. HP: 27/27 MP: 1/1
   268 | D:1      | Reached XP level 3. HP: 33/33 MP: 2/2
   328 | D:1      | You fall into a shaft and drop 1 floor!
   356 | D:2      | Noticed Sigmund
   369 | D:2      | You fall into a shaft and drop 1 floor!
   495 | D:3      | Noticed a water moccasin
   503 | D:3      | Killed a water moccasin
   503 | D:3      | Reached XP level 4. HP: 17/41 MP: 3/3
   503 | D:3      | Reached XP level 5. HP: 19/47 MP: 4/4
   509 | D:3      | HP: 2/47 [poisoned by a water moccasin]
   516 | D:3      | HP: 2/70 [poisoned by a water moccasin]
   522 | D:3      | Succumbed to a water moccasin's poison

Illustrated notes

Levels and vault maps discovered:
D:1:      dpeg_arrival_court, layout_loops_ring, minmay_pentomino_u4
D:2:      layout_basic, uniq_sigmund
D:3:      layout_rooms, kennysheep_slug_shrine, old_standard_altar,
          first_ration, chequers_ecumenical_altar_simple_redux, bloody_trog

Skill      XL: |  1  2  3 |
---------------+----------+-----
Axes           | 3 4 |  4.8
Armour         | 4 |  4.7
Shields        | 4 |  4.7
Fighting       | 4 |  4.7

Action                   |  1- 3 |  4- 6 || total
-------------------------+-------+-------++-------
Melee: War axe           |    73 |     5 ||    78
       Headbutt          |     7 |     2 ||     9
  Use: Potion            |     1 |     2 ||     3
Armor: Scale mail        |    44 |     6 ||    50
Dodge: Dodged            |    38 |     1 ||    39
Block: Kite shield       |    49 |     3 ||    52
